[Event "*** Titled Tuesday Blitz"]
[Site "Chess.com"]
[Date "2020.12.01"]
[Round "3"]
[White "Triumphmate"]
[Black "Marty435"]
[Result "0-1"]
[WhiteElo "2404"]
[BlackElo "2656"]
[TimeControl "180+1"]
[EndTime "10:28:01 PST"]
[Termination "Marty435 won by resignation"]

1. e4 c6 2. Nf3 d5 3. exd5 cxd5 4. d4 Nc6 5. Bd3 Bg4 6. c3 e6 7. Be3 Bd6 8. Nbd2 Nge7 9. O-O Qc7 10. Qc2 h6 11.
Rae1 Rc8 12. Qb1 O-O 13. h3 Bh5 14. Nh4 g5 15. g4 gxh4 16. gxh5 Bf4 17. Kh1 Kh8 18.
Rg1 Rg8 19. Nf3 Bxe3 20. Rxe3 Qf4 21. Qd1 Rxg1+ 22. Nxg1 Rg8 23. Rf3 Qg5 24. Qf1 Qxh5 25.
Rf4 f5 26. Nf3 Ng6 27. Qc1 Nxf4 28. Qxf4 Qg6 29. Bf1 Qf6 30. Kh2 Kh7 31. Bd3 Qg7 32.
Bf1 Qe7 33. Bd3 Qf6 34. Bf1 Rg7 35. b4 a6 36. a4 Qe7 37. a5 Qc7 38. Qxc7 Rxc7 39.
Nxh4 Ne7 40. Nf3 Rxc3 41. Ne5 Rb3 42. b5 axb5 43. Nd7 Ra3 44. Nf8+ Kg8 45. Nxe6 Rxa5 46. Nc7 b4 47. Bd3 b3 48. Ne6 b2 49. Nc5 Ra1 50.
Nxb7 b1=Q 51. Bxb1 Rxb1 52. Nd6 Rb4 53. Kg3 Rb6 54.
Nb5 Rxb5 0-1

[Event "*** Titled Tuesday Blitz"]
[Site "Chess.com"]
[Date "2020.12.01"]
[Round "3"]
[White "AlexSuv"]
[Black "Manukyan_Artak"]
[Result "0-1"]
[WhiteElo "2553"]
[BlackElo "2372"]
[TimeControl "180+1"]
[EndTime "10:28:02 PST"]
[Termination "Manukyan_Artak won by resignation"]

1. d4 Nf6 2. Nf3 d6 3. c4 g6 4. Nc3 Bg7 5. e4 O-O 6. Be2 e5 7. Be3 Nc6 8. d5 Ne7 9. Nd2 c5 10. O-O h5 11. f3 h4 12. a4 Nh5 13. a5 a6 14. Na4 Kh7 15. Nb6 Rb8 16. Qe1 Ng8 17. Rf2 Bh6 18. Nf1 f5 19. Nxc8 Rxc8 20. exf5 gxf5 21. Bd3 Nf4 22. Bxf4 Bxf4 23. g3 hxg3 24.
hxg3 Bh6 25. Rh2 Qg5 26. b4 Kg7 27. bxc5 Rxc5 28. Rb1 Rf7 29. Rb6 Qe7 30. Ne3 Bxe3+ 31. Qxe3 Rxa5 32. Rb1 Ra3 33. Qe2 Qg5 34. Kg2 Nf6 35.
Rb2 Nh5 36. Rxh5 Qxh5 37. Bc2 e4 38. fxe4 Qxe2+ 0-1

[Event "*** Titled Tuesday Blitz"]
[Site "Chess.com"]
[Date "2020.12.01"]
[Round "3"]
[White "Rodalquilar"]
[Black "Micki-taryan"]
[Result "0-1"]
[WhiteElo "2685"]
[BlackElo "3012"]
[TimeControl "180+1"]
[EndTime "10:28:03 PST"]
[Termination "Micki-taryan won on time"]

1. d4 d6 2. e4 Nf6 3. Nc3 Nbd7 4. Nf3 e5 5. Be2 Be7 6. O-O O-O 7. Re1 Re8 8. Bf1 Bf8 9. h3 c6 10. a4 b6 11. b3 a6 12. Ba3 Bb7 13. dxe5 dxe5 14. Bxf8 Kxf8 15. Qd6+ Qe7 16. Rad1 Qxd6 17. Rxd6 Re7 18.
Red1 b5 19. b4 Ke8 20. Nh4 g6 21. Nf3 h6 22. Nd2 Nh5 23. Nb3 Rc8 24. Na5 Ba8 25.
g3 Ng7 26. h4 Ne6 27. Bh3 Rc7 28. Bxe6 Rxe6 29. Nb3 Rxd6 30. Rxd6 Ke7 31. Rd3 c5 32.
bxc5 Nxc5 33. Nxc5 Rxc5 34. axb5 axb5 35. f3 f5 36. h5 fxe4 37. Nxe4 Bxe4 38. fxe4 gxh5 39. c3 Ke6 40. Kg2 Rc4 41. Re3 Kf6 42. Kh3 Kg5 43. Rd3 Rxe4 44. Rd5 Re3 45. Rxb5 h4 46. Kg2 hxg3 47. Kh3 h5 48. c4 h4 49. c5 Re2 50.
Rb2 Rxb2 0-1

[Event "*** Titled Tuesday Blitz"]
[Site "Chess.com"]
[Date "2020.12.01"]
[Round "3"]
[White "vanea_03"]
[Black "Alomaterapia"]
[Result "1-0"]
[WhiteElo "2723"]
[BlackElo "2432"]
[TimeControl "180+1"]
[EndTime "10:28:03 PST"]
[Termination "vanea_03 won on time"]

1. d4 d5 2. c4 c6 3. cxd5 cxd5 4. Bf4 Nc6 5. e3 Nf6 6. Bb5 Bf5 7. Nc3 a6 8. Bxc6+ bxc6 9. Nf3 e6 10. Qa4 Qb6 11. Ne5 Rc8 12. Rc1 Be7 13. O-O O-O 14. f3 c5 15. g4 cxd4 16. Qxd4 Qxd4 17. exd4 Bg6 18. h4 h5 19. g5 Nh7 20. Nxg6 fxg6 21. Be5 Rfd8 22.
Ne2 Nf8 23. Nf4 Kf7 24. Nd3 Nd7 25. Kf2 Rc4 26. b3 Rcc8 27. Bc7 Re8 28. Rc3 Bd6 29.
Rfc1 Bxc7 30. Rxc7 Rxc7 31. Rxc7 Re7 32. Ke3 Nf8 33.
Ne5+ 1-0

[Event "*** Titled Tuesday Blitz"]
[Site "Chess.com"]
[Date "2020.12.01"]
[Round "3"]
[White "Duhless"]
[Black "ENajer77"]
[Result "1-0"]
[WhiteElo "2996"]
[BlackElo "2671"]
[TimeControl "180+1"]
[EndTime "10:28:04 PST"]
[Termination "Duhless won by resignation"]

1. d4 Nf6 2. Nf3 e6 3. Bg5 Be7 4. e3 h6 5. Bh4 b6 6. Bd3 Bb7 7. O-O Ne4 8. Bxe7 Qxe7 9. Nfd2 Nxd2 10. Nxd2 O-O 11. c3 d6 12. a4 a6 13. b4 Nd7 14.
e4 a5 15. b5 Rae8 16. Re1 e5 17. Nf1 Nf6 18. f3 d5 19. exd5 Qd6 20. dxe5 Rxe5 21. Rxe5 Qxe5 22. c4 Re8 23. Ra2 Qd4+ 24. Kh1 Kf8 25.
Re2 Rxe2 26. Qxe2 Bc8 27. h3 Nh5 28. Qe3 Ng3+ 29. Kg1 Qa1 30. Qf4 Nxf1 31. Bxf1 Qxa4 32. Qxc7 1-0

[Event "*** Titled Tuesday Blitz"]
[Site "Chess.com"]
[Date "2020.12.01"]
[Round "3"]
[White "AryanTari"]
[Black "suyu28"]
[Result "0-1"]
[WhiteElo "2912"]
[BlackElo "2659"]
[TimeControl "180+1"]
[EndTime "10:28:04 PST"]
[Termination "suyu28 won by resignation"]

1. Nf3 d5 2. e3 Nf6 3. c4 c6 4. Nc3 e6 5. b3 Bd6 6. Bb2 O-O 7. Rc1 Re8 8. Be2 a6 9. d4 Nbd7 10. O-O dxc4 11. bxc4 e5 12. c5 Bc7 13. Bc4 Qe7 14. Ng5 Rf8 15. Qf3 h6 16. Nge4 Nxe4 17. Nxe4 Kh8 18.
Rfd1 f5 19. Nd6 e4 20. Qg3 Nf6 21. d5 cxd5 22. Bxd5 Nxd5 23. Rxd5 Be6 24. Re5 Rf6 25. Rd1 Rd8 26. h4 b6 27. Ba3 bxc5 28. Bxc5 Bxd6 29. Rxd6 Rxd6 30. Kh2 Qd7 31. Bxd6 Qxd6 32. Qf4 Bxa2 33. h5 Bg8 34. Rxe4 fxe4 0-1

[Event "*** Titled Tuesday Blitz"]
[Site "Chess.com"]
[Date "2020.12.01"]
[Round "3"]
[White "ArjunErigaisi2003"]
[Black "Shota_Azaladze"]
[Result "1-0"]
[WhiteElo "2913"]
[BlackElo "2630"]
[TimeControl "180+1"]
[EndTime "10:28:04 PST"]
[Termination "ArjunErigaisi2003 won by checkmate"]

1. e4 g6 2. d4 Bg7 3. Nc3 d6 4. Be3 Nd7 5. f4 e6 6. Nf3 Ne7 7. Qd2 b6 8. Bd3 Bb7 9. O-O a6 10. Rae1 b5 11. f5 e5 12. Bh6 O-O 13. Ne2 c5 14. dxe5 dxe5 15. c4 bxc4 16. Bxc4 Nb6 17. Bxg7 Kxg7 18. f6+ Kxf6 19. Qh6 Nxc4 20. Ng5+ Nf5 21.
exf5 Ke7 22. Qxh7 Qd2 23. Nf4 Ne3 24. Re2 Qd4 25. Nxg6+ Kd6 26. Nxf7+ Rxf7 27. Qxf7 Nxf1+ 28. Kxf1 Qd1+ 29. Kf2 Qd4+ 30. Ke1 Qg1+ 31. Kd2 Qd4+ 32. Kc1 Bd5 33. Qf6+ Kd7 34. Nxe5+ Kc7 35. Qg7+ Kc8 36.
Qd7+ Kb8 37. Nc6+ Bxc6 38. Re8# 1-0

[Event "*** Titled Tuesday Blitz"]
[Site "Chess.com"]
[Date "2020.12.01"]
[Round "3"]
[White "ehrenfeld"]
[Black "DrVelja"]
[Result "0-1"]
[WhiteElo "2513"]
[BlackElo "2792"]
[TimeControl "180+1"]
[EndTime "10:28:04 PST"]
[Termination "DrVelja won by resignation"]

1. e4 c5 2. Nc3 Nc6 3. Bb5 Nd4 4. Nf3 a6 5. Bd3 g6 6. Nxd4 cxd4 7. Ne2 d5 8. O-O dxe4 9. Bxe4 Nf6 10. Bf3 Bg7 11.
d3 O-O 12. Re1 e5 13. Ng3 Nd5 14. Bd2 f5 15. c4 dxc3 16. bxc3 Kh8 17. Qb3 Nc7 18.
Rad1 Ne6 19. Bc1 Qc7 20. Bb2 Bd7 21. c4 Nc5 22. Qc2 Ba4 23. Qc1 Bxd1 24. Rxd1 Rad8 25. Bd5 b5 26. Ne2 bxc4 27. dxc4 e4 28. Nd4 Rfe8 29. h4 Nd3 30. Qb1 Qb6 31. Ba1 Qxb1 32. Rxb1 Rb8 33.
Rf1 Rec8 34. Nc6 Rb6 35. Bxg7+ Kxg7 36. g3 Rbxc6 37. Bxc6 Rxc6 0-1

[Event "*** Titled Tuesday Blitz"]
[Site "Chess.com"]
[Date "2020.12.01"]
[Round "3"]
[White "WeAintSurePal"]
[Black "Pelopidass"]
[Result "1/2-1/2"]
[WhiteElo "2355"]
[BlackElo "2550"]
[TimeControl "180+1"]
[EndTime "10:28:05 PST"]
[Termination "Game drawn by repetition"]

1. d4 Nf6 2. Nf3 g6 3. Bg5 Bg7 4. Nbd2 d5 5. e3 h6 6. Bh4 Bg4 7. c4 c6 8. Qb3 Qb6 9. c5 Qc7 10.
Bg3 Qc8 11. Bd3 Nbd7 12. Ne5 Nxe5 13. Bxe5 O-O 14. Qc2 Nd7 15. Bxg7 Kxg7 16. h3 Be6 17. Nf3 b6 18. b4 bxc5 19. bxc5 Rb8 20. O-O Qc7 21.
Rfb1 Rxb1+ 22. Rxb1 Rb8 23. Rxb8 Qxb8 24. Qa4 Qc7 25.
Nd2 Nb8 26. Nb3 Bd7 27. Qb4 Bc8 28. Qc3 h5 29. e4 Be6 30. e5 f6 31. f4 fxe5 32.
dxe5 Nd7 33. Nd4 Nf8 34. f5 gxf5 35. Bxf5 Bxf5 36. Nxf5+ Kf7 37. Qf3 Qxe5 38. Nd6+ Ke6 39. Qxf8 exd6 40. Qe8+ Kf6 41. Qf8+ Ke6 42. Qe8+ Kf6 43.
Qxc6 Qe1+ 44. Kh2 Qe5+ 45. Kg1 Qe1+ 46. Kh2 Qe5+ 47. Kh1 Qe1+ 48. Kh2 1/2-1/2

[Event "*** Titled Tuesday Blitz"]
[Site "Chess.com"]
[Date "2020.12.01"]
[Round "3"]
[White "CoachHakia"]
[Black "TC2304"]
[Result "0-1"]
[WhiteElo "2150"]
[BlackElo "2331"]
[TimeControl "180+1"]
[EndTime "10:28:05 PST"]
[Termination "TC2304 won on time"]

1. d4 Nf6 2. Bg5 Ne4 3. h4 h6 4.
Bf4 d5 5. Nd2 Nxd2 6. Qxd2 Bf5 7. Nf3 e6 8. e3 c5 9. Ne5 a6 10. g4 Be4 11. f3 Bh7 12. g5 Nd7 13. gxh6 gxh6 14. Bd3 Bxd3 15. Qxd3 c4 16. Qe2 Rg8 17. e4 Nf6 18. O-O-O Qa5 19. Kb1 c3 20. Bc1 Rc8 21. Rhg1 Rxg1 22. Rxg1 cxb2 23. Bxb2 Ba3 24. Qd3 Bxb2 25.
Kxb2 Qb4+ 26. Kc1 Rc3 27. Qd2 Qa3+ 28. Kd1 dxe4 29. fxe4 Nxe4 30. Rg8+ Ke7 31. Nxf7 Nxd2 0-1

[Event "*** Titled Tuesday Blitz"]
[Site "Chess.com"]
[Date "2020.12.01"]
[Round "3"]
[White "Rsnr"]
[Black "ARMQUEEN"]
[Result "1-0"]
[WhiteElo "2779"]
[BlackElo "2508"]
[TimeControl "180+1"]
[EndTime "10:28:06 PST"]
[Termination "Rsnr won by resignation"]

1. Nf3 c5 2. g3 Nc6 3. Bg2 g6 4. c3 Bg7 5. d4 cxd4 6. cxd4 d5 7. O-O Qb6 8. Nc3 Be6 9. Ng5 Bxd4 10. Nxd5 Bxd5 11.
Bxd5 e6 12. Bxc6+ bxc6 13. Nf3 Bg7 14. Be3 Qxb2 15. Qa4 Ne7 16. Rab1 Qxe2 17. Nd4 Qd3 18. Rb7 Rc8 19. Qxa7 Bf6 20. Rc1 Qe4 21. Nb5 Qd5 22. Nc7+ Rxc7 23. Rxc7 Qd8 24. Bc5 Nd5 25. Rb7 Be7 26.
Rb8 O-O 27. Rxd8 Rxd8 28. Bxe7 Nxe7 29. Qxe7 Ra8 30. Rxc6 Rxa2 31. Rc7 1-0

[Event "*** Titled Tuesday Blitz"]
[Site "Chess.com"]
[Date "2020.12.01"]
[Round "3"]
[White "Yashasd1995"]
[Black "Nemsko"]
[Result "1-0"]
[WhiteElo "2592"]
[BlackElo "2381"]
[TimeControl "180+1"]
[EndTime "10:28:06 PST"]
[Termination "Yashasd1995 won by checkmate"]

1. b3 d5 2. Bb2 e6 3. e3 Nf6 4. f4 Bd6 5. Nf3 c5 6. Be2 Nc6 7. O-O O-O 8. Ne5 Ne7 9. c4 b6 10. Bf3 Bb7 11. Nc3 a6 12. Rc1 Rc8 13. g4 Qc7 14. Ne2 Ng6 15. Nxg6 hxg6 16. g5 Nd7 17.
cxd5 exd5 18. Qe1 Rfe8 19. Qh4 Nf8 20. Bg4 Rcd8 21. Rf3 f5 22. gxf6 gxf6 23. Qxf6 d4 24. Rh3 Qg7 25. Qxg7+ Kxg7 26. exd4 cxd4 27. Bxd4+ Kf7 28.
Bxb6 Be4 29. Bxd8 Rxd8 30. Re3 Ba8 31. Bf3 Bxf3 32. Rxf3 Ba3 33. Rc2 Ne6 34. f5 gxf5 35. Rxf5+ Ke7 36. Ra5 Bb4 37. Rxa6 Bxd2 38. Ra7+ Kf6 39.
Ra6 Be3+ 40. Kg2 Ke5 41. Kf3 Bg5 42. Ra5+ Kf6 43. Rc6 Bh4 44. Raa6 Rd3+ 45. Ke4 Rd2 46. Rxe6+ Kg5 47. Rg6+ Kh5 48. Nf4# 1-0

[Event "*** Titled Tuesday Blitz"]
[Site "Chess.com"]
[Date "2020.12.01"]
[Round "3"]
[White "Meri-Arabidze"]
[Black "Man-Chuk"]
[Result "0-1"]
[WhiteElo "2616"]
[BlackElo "2866"]
[TimeControl "180+1"]
[EndTime "10:28:07 PST"]
[Termination "Man-Chuk won by resignation"]

1. Nf3 d5 2. b3 c5 3. Bb2 f6 4. e3 e5 5. d4 cxd4 6. exd4 e4 7. Nfd2 f5 8. c4 Nf6 9. Be2 Be6 10. O-O Be7 11.
Nc3 O-O 12. Rc1 Nc6 13. cxd5 Nxd5 14. Nxd5 Bxd5 15. Bc4 Kh8 16. Re1 Bf6 17. Bxd5 Qxd5 18. Rc5 Qd7 19. d5 Bxb2 20. dxc6 bxc6 21. Qc2 Bd4 22.
Rxc6 Rae8 23. Nf1 Bb6 24. Rd1 Qe7 25. Rcd6 f4 26. Rd7 Qg5 27. R1d5 Qg6 28. R5d6 Rf6 29. Rxf6 Qxf6 30. g3 e3 31. fxe3 fxe3 32. Qe2 h6 33. Rd3 Qe5 34. a4 a5 35. Kg2 Qe4+ 36. Kh3 Qxd3 37. Qxd3 e2 0-1

[Event "*** Titled Tuesday Blitz"]
[Site "Chess.com"]
[Date "2020.12.01"]
[Round "3"]
[White "fmshawnrl123"]
[Black "Slovak_fighter2000"]
[Result "0-1"]
[WhiteElo "2785"]
[BlackElo "2543"]
[TimeControl "180+1"]
[EndTime "10:28:07 PST"]
[Termination "Slovak_fighter2000 won by checkmate"]

1. c4 e5 2. g3 Nf6 3. Bg2 Nc6 4. Nc3 Bc5 5. Nf3 O-O 6. O-O d6 7. d3 a6 8. Bg5 h6 9. Bxf6 Qxf6 10. Rb1 Bf5 11. b4 Ba7 12. b5 axb5 13. Rxb5 Rab8 14.
Qa4 Qd8 15. Nd5 Bc5 16. Rfb1 b6 17. Qd1 Ne7 18. Nxe7+ Qxe7 19. Nd2 Qf6 20. Qf1 Bg6 21. Be4 Bh5 22. Kg2 Kh8 23. Bf3 Bxf3+ 24. exf3 Ra8 25.
Ne4 Qe7 26. R1b2 Ra3 27. R5b3 Rfa8 28. Qe1 Bd4 29. Rxa3 Rxa3 30. Re2 Rxd3 31. f4 Qd7 32. fxe5 dxe5 33. Qb4 Kg8 34. c5 Qd5 35. cxb6 Bxb6 36. Kh3 Rd4 37. Qb1 f5 38. Nc3 Qf3 39. Qb3+ Kh7 40.
Rb2 Rh4+ 41. Kxh4 Qg4# 0-1

[Event "*** Titled Tuesday Blitz"]
[Site "Chess.com"]
[Date "2020.12.01"]
[Round "3"]
[White "rududuyk"]
[Black "MaxLeto"]
[Result "1-0"]
[WhiteElo "2209"]
[BlackElo "2366"]
[TimeControl "180+1"]
[EndTime "10:28:07 PST"]
[Termination "rududuyk won on time"]

1. e4 c5 2. Nc3 d6 3. f4 Nc6 4. Nf3 g6 5. Bc4 Bg7 6. d3 e6 7.
O-O Nge7 8. Qe1 h6 9. Qh4 a6 10. a4 d5 11. Ba2 Nb4 12. f5 gxf5 13. Qg3 Rg8 14. Qf2 Nxa2 15. Rxa2 dxe4 16. dxe4 b6 17. a5 Bb7 18. axb6 Qxb6 19. Na4 Qb5 20. Nxc5 fxe4 21.
Ne5 Rf8 22. Nxb7 Bxe5 23. Bxh6 Nf5 24. Bxf8 Bd4 25. Nd6+ Nxd6 26. Qxd4 Nf5 27. Qh8 Kd7 28. Rd1+ Kc7 29. Bd6+ Kb7 30. Qf6 Qb6+ 31. Kh1 Nxd6 32. Qe7+ Qc7 33. Qxd6 Qxc2 34. Qd7+ Kb6 35. Rd6+ 1-0

[Event "*** Titled Tuesday Blitz"]
[Site "Chess.com"]
[Date "2020.12.01"]
[Round "3"]
[White "Paladin61"]
[Black "BogdanDeac"]
[Result "1-0"]
[WhiteElo "2683"]
[BlackElo "2967"]
[TimeControl "180+1"]
[EndTime "10:28:09 PST"]
[Termination "Paladin61 won on time"]

1. b3 e5 2. Bb2 Nc6 3. e3 Nf6 4. Bb5 e4 5. Bxc6 bxc6 6. d3 d5 7. Nd2 Bf5 8. dxe4 Nxe4 9. Nxe4 Bxe4 10. Nf3 Bd6 11. O-O O-O 12. c4 Qe7 13. Rc1 dxc4 14.
Rxc4 Rad8 15. Qa1 f6 16. Rd1 c5 17. Nd2 Bd3 18. Rcc1 Qd7 19. Bc3 Qg4 20. h3 Qg6 21. Qb2 f5 22. Nf3 Be4 23. Qe2 f4 24. exf4 Rxf4 25.
Ne1 Re8 26. Qc4+ Kh8 27. Bd2 Rff8 28. Be3 Bb7 29. Qg4 1-0

[Event "*** Titled Tuesday Blitz"]
[Site "Chess.com"]
[Date "2020.12.01"]
[Round "3"]
[White "Morshynska"]
[Black "AquivaRubinstein"]
[Result "1/2-1/2"]
[WhiteElo "2261"]
[BlackElo "2497"]
[TimeControl "180+1"]
[EndTime "10:28:09 PST"]
[Termination "Game drawn by agreement"]

1. Nf3 Nf6 2. g3 g6 3. Bg2 Bg7 4. O-O O-O 5. d4 c5 6. c4 cxd4 7. Nxd4 Nc6 8. Nc3 a6 9. b3 Nxd4 10. Qxd4 d6 11. Bb2 Rb8 12. a4 Bd7 13. a5 Bc6 14. Qd2 Bxg2 15. Kxg2 b6 16. axb6 Qxb6 17. Ra3 e6 18. h3 Nd7 19. Na4 Qc6+ 20. Kh2 Bxb2 21. Qxb2 Ne5 22. Rd1 Nxc4 23. Qc1 Ne5 24. Qxc6 Nxc6 25. Rxd6 Na5 26. Nc5 Rb5 27. Rxa6 Rxc5 28.
R6xa5 Rc2 29. Ra2 Rfc8 30. Kg2 h5 31. h4 R8c3 32. Rxc2 Rxc2 33. e3 Rb2 34. Rb5 Kg7 35. Kf3 Kf6 36. b4 Kg7 37. Rb7 Kf6 38. b5 Kg7 39. b6 Kf6 40. Rb8 Kg7 41. e4 Kf6 42. Ke3 Kg7 43. Kf3 1/2-1/2

[Event "*** Titled Tuesday Blitz"]
[Site "Chess.com"]
[Date "2020.12.01"]
[Round "3"]
[White "JiiHart"]
[Black "Piotrek1979"]
[Result "0-1"]
[WhiteElo "2102"]
[BlackElo "2465"]
[TimeControl "180+1"]
[EndTime "10:28:09 PST"]
[Termination "Piotrek1979 won on time"]

1. e4 c5 2. Nf3 Nc6 3. d4 cxd4 4. Nxd4 Nf6 5. Nc3 d6 6. Bg5 h6 7. Bh4 e6 8. f4 g5 9. fxg5 hxg5 10. Bxg5 Be7 11.
Nxc6 bxc6 12. Qd2 Rb8 13. O-O-O Qb6 14. b3 Qa5 15. Kb1 Rg8 16. Bxf6 Bxf6 17. Nd5 Qd8 18. Nxf6+ Qxf6 19. Qxd6 Rb6 20. e5 Qe7 21. h4 Qxd6 22.
Rxd6 c5 23. Rxb6 axb6 24. h5 Rh8 25. h6 Bb7 26. Rh3 Kf8 27. h7 Be4 28. Bd3 Bxg2 29. Rg3 Bd5 30. a3 Bc6 31. b4 Bd5 32. Kb2 c4 33.
Be2 b5 34. a4 Rxh7 35. axb5 Rh2 36. Re3 Ke7 37. b6 Kd7 38. Ra3 Kc6 39. b7 Kxb7 0-1

[Event "*** Titled Tuesday Blitz"]
[Site "Chess.com"]
[Date "2020.12.01"]
[Round "3"]
[White "vladimirdamjanovic"]
[Black "KventinKarantino"]
[Result "1-0"]
[WhiteElo "2455"]
[BlackElo "2298"]
[TimeControl "180+1"]
[EndTime "10:28:09 PST"]
[Termination "vladimirdamjanovic won by resignation"]

1. e4 c5 2. Nf3 d6 3. Bb5+ Bd7 4. c4 Nc6 5. Nc3 g6 6. O-O Bg7 7. d3 Nf6 8. Re1 O-O 9. h3 a6 10. Ba4 h6 11. Nd5 e6 12. Nxf6+ Qxf6 13. Rb1 Kh7 14. Bxc6 Bxc6 15. b4 Qe7 16. bxc5 dxc5 17. Be3 Rad8 18. Qc2 Rd7 19. Red1 Rfd8 20. Ne1 Bd4 21. Bxd4 Rxd4 22.
Qe2 Qd7 23. Rdc1 Ba4 24. Rc3 Qe7 25. Nf3 R4d7 26. Ne5 Rd6 27. Qf3 Kg7 28. Qe3 Rd4 29. Nf3 R4d7 30. Ne5 Rd4 31. Nf3 R4d7 32. Ra3 Bc2 33.
Rb2 Rxd3 34. Rxd3 Rxd3 35. Qe2 Rd1+ 36. Kh2 Qc7+ 37. e5 Ba4 38. Qe4 Bc6 39. Qf4 Qd8 40. Re2 Ra1 41. Qe3 Qd1 42. Re1 Bxf3 43. Rxd1 Bxd1 44.
Qxc5 Rxa2 45. Qb6 Rxf2 46. Qxf2 1-0

[Event "*** Titled Tuesday Blitz"]
[Site "Chess.com"]
[Date "2020.12.01"]
[Round "3"]
[White "salomez"]
[Black "PlotnikovPavel"]
[Result "0-1"]
[WhiteElo "2146"]
[BlackElo "2475"]
[TimeControl "180+1"]
[EndTime "10:28:10 PST"]
[Termination "PlotnikovPavel won on time"]

1. e4 e5 2. Nf3 Nc6 3. Bc4 Nf6 4. d3 Bc5 5. Nbd2 O-O 6. Bb3 d6 7. h3 Bb6 8. Nf1 Ne7 9. g4 Ng6 10. Ng3 Be6 11. Qe2 d5 12. Bg5 h6 13. Bxf6 Qxf6 14. exd5 Nf4 15. Qe4 Bd7 16. O-O-O Rae8 17. Rdf1 c6 18.
Nh5 Nxh5 19. gxh5 cxd5 20. Bxd5 Bf5 21. Qe2 Re7 22. Be4 Be6 23. Kb1 Qf4 24. Nd2 f5 25. Bf3 e4 26. dxe4 fxe4 27. Bg4 Bd5 28. Nc4 e3 29. Nxb6 Bxh1 30. Rxh1 axb6 31. fxe3 Qxe3 32. Qc4+ Kh8 33. a3 Qc5 34. Qb4 Ref7 0-1

[Event "*** Titled Tuesday Blitz"]
[Site "Chess.com"]
[Date "2020.12.01"]
[Round "3"]
[White "Road2GM3000"]
[Black "kidagent"]
[Result "1-0"]
[WhiteElo "2134"]
[BlackElo "2307"]
[TimeControl "180+1"]
[EndTime "10:28:10 PST"]
[Termination "Road2GM3000 won by checkmate"]

1. d4 d5 2. c4 c6 3. Nc3 dxc4 4. g3 Nf6 5. Bg2 g6 6. Nf3 Bg7 7. O-O O-O 8. Ne5 Be6 9. e4 Nfd7 10. f4 Nxe5 11.
fxe5 Qb6 12. Rf2 Rd8 13. Be3 Bxe5 14. Qf1 Bxd4 15. Bxd4 Rxd4 16. e5 Nd7 17. Re1 Rd2 18. Re2 Rxe2 19. Qxe2 Nc5 20. Be4 Nxe4 21. Nxe4 Rd8 22.
Ng5 Bd5 23. e6 f6 24. Nf7 Rf8 25. Qg4 Kg7 26. h4 Bxe6 27. Qxe6 Rxf7 28. h5 gxh5 29. Kg2 Qd4 30. Kf1 Qd3+ 31. Re2 Qxg3 32. Rg2 Qxg2+ 33. Kxg2 Kf8 34. Qc8+ Kg7 35. Qxb7 e5 36. Qxc6 Kg6 37. Qxc4 Rg7 38. Kf3 h6 39. b4 Kf5 40. b5 Rg4 41. Qc8+ Kg5 42. Qg8+ Kh4 43. Qf7 Rf4+ 44. Ke3 Kg4 45. Qxa7 h4 46. Qg7+ Kf5 47. Qxh6 Rb4 48.
Qh5+ Ke6 49. Qe8+ Kd5 50. Qc6# 1-0

[Event "*** Titled Tuesday Blitz"]
[Site "Chess.com"]
[Date "2020.12.01"]
[Round "3"]
[White "dhaessel"]
[Black "Blitzking642"]
[Result "1-0"]
[WhiteElo "1867"]
[BlackElo "2252"]
[TimeControl "180+1"]
[EndTime "10:28:10 PST"]
[Termination "dhaessel won by resignation"]

1. d4 Nf6 2. c4 e6 3. Nc3 Bb4 4. e3 O-O 5. Bd3 d5 6. cxd5 exd5 7. Ne2 c6 8. O-O Re8 9. f3 Nbd7 10. Bd2 c5 11. a3 Ba5 12. dxc5 Bxc3 13. Nxc3 Nxc5 14.
Bc2 d4 15. exd4 Qxd4+ 16. Kh1 Be6 17. Bg5 Qxd1 18. Raxd1 Bc4 19. Rfe1 Nd5 20. Rxe8+ Rxe8 21. Nxd5 Bxd5 22. Kg1 Be6 23. Be3 b6 24. Kf2 Kf8 25. b4 Nd7 26. Ba4 Rd8 27. Bf4 Ke7 28. Bd6+ Ke8 29.
Bc6 Rc8 30. b5 Rd8 31. g4 Rc8 32. h4 h6 33. Kg3 Rd8 34. f4 f5 35. Re1 Kf7 36.
gxf5 Bxf5 37. Re7+ Kf6 38. h5 Nc5 39. Bxc5 bxc5 40.
Rxa7 Rd3+ 41. Kf2 Rb3 42. Bd5 Rb2+ 43. Kg3 1-0

[Event "*** Titled Tuesday Blitz"]
[Site "Chess.com"]
[Date "2020.12.01"]
[Round "3"]
[White "Pogosian_Manvel"]
[Black "Borsuk_Konstantin"]
[Result "0-1"]
[WhiteElo "2374"]
[BlackElo "2581"]
[TimeControl "180+1"]
[EndTime "10:28:11 PST"]
[Termination "Borsuk_Konstantin won by resignation"]

1. d4 Nf6 2. Nf3 e6 3. c4 b6 4. Nc3 Bb4 5. Bd2 Bb7 6. e3 O-O 7. Bd3 d6 8. Qc2 Nbd7 9. a3 Bxc3 10. Bxc3 Qe7 11. e4 e5 12. O-O a5 13. Rfe1 a4 14.
Nh4 g6 15. g3 Rfe8 16. Ng2 exd4 17. Bxd4 Ne5 18. Bxe5 dxe5 19. Ne3 Qc5 20. Rac1 Nd7 21.
Qd2 Red8 22. Nd5 c6 23. Ne3 Qe7 24. h4 Nc5 25. Rc3 Nxe4 26. Qc2 Nxc3 27. Qxc3 Bc8 28.
h5 Qd6 29. Be4 f5 30. Bf3 Qd4 31. Qc2 e4 32. Be2 Be6 33. hxg6 hxg6 34. Ng2 Qd2 35. Qb1 Bf7 36. Nf4 Qd4 37. Rd1 Qc5 38. Qc2 Rxd1+ 39.
Qxd1 Qe7 40. Qd4 c5 41. Qc3 Rd8 42. Kg2 g5 43. Nd5 Bxd5 44. cxd5 Qd6 45. Bc4 Rb8 46. Qc2 b5 47. Ba2 c4 48. g4 Qxd5 49. gxf5 e3+ 50. f3 Qd2+ 51. Qxd2 exd2 0-1

[Event "*** Titled Tuesday Blitz"]
[Site "Chess.com"]
[Date "2020.12.01"]
[Round "3"]
[White "zala02"]
[Black "Gerodot71"]
[Result "0-1"]
[WhiteElo "2168"]
[BlackElo "2481"]
[TimeControl "180+1"]
[EndTime "10:28:11 PST"]
[Termination "Gerodot71 won by resignation"]

1. d4 Nf6 2. c4 e6 3. Nc3 Bb4 4. e3 O-O 5. Ne2 d5 6. a3 Be7 7. Nf4 Re8 8. cxd5 exd5 9. Bd3 c6 10. O-O Nbd7 11. b4 Nf8 12. Bb2 Ng6 13. Nh5 Bd6 14.
Ng3 Bf8 15. Qc2 Be6 16. Rae1 Qd7 17. f3 a5 18. b5 c5 19. Nce2 Rac8 20. Qb1 b6 21. a4 c4 22. Bxg6 hxg6 23. e4 Bb4 24. Rc1 Kh8 25. Bc3 Bf8 26. Kh1 Nh5 27. e5 Nxg3+ 28.
Nxg3 Bf5 29. Qb2 Be6 30. f4 Be7 31. Ne2 Bf5 32. Qd2 Bd3 33. Rf3 Kg8 34. Qe3 Be4 35.
Rh3 Bb4 36. Bxb4 axb4 37. Qg3 Qe7 38. Re1 c3 39. Ng1 c2 40. Rc1 Rc3 41. Nf3 b3 42. Rh4 b2 43. Rg1 c1=Q 44. Qh3 Qxh4 45. Qxh4 Qxg1+ 46. Nxg1 b1=Q 0-1

[Event "*** Titled Tuesday Blitz"]
[Site "Chess.com"]
[Date "2020.12.01"]
[Round "3"]
[White "Euwe1234"]
[Black "sergiochess83"]
[Result "1-0"]
[WhiteElo "2560"]
[BlackElo "2794"]
[TimeControl "180+1"]
[EndTime "10:28:13 PST"]
[Termination "Euwe1234 won by resignation"]

1. e4 c5 2. Nf3 d6 3. d4 cxd4 4. Nxd4 Nf6 5. Nc3 a6 6. Bg5 Nbd7 7. f3 Qb6 8. Nb3 e6 9. Qd2 Be7 10. Be2 O-O 11. g4 Qc7 12. h4 b5 13. a3 Ne5 14.
O-O-O Rb8 15. Bxf6 Bxf6 16. Qxd6 Qxd6 17. Rxd6 Nc4 18.
Bxc4 bxc4 19. Na5 Be5 20. Rdd1 Bxc3 21. bxc3 Rb5 22. Nxc4 Rc5 23. Nd6 Rxc3 24. Rd3 Rc5 25. Rhd1 h5 26. g5 e5 27. Rd5 Rxd5 28. Rxd5 f6 29. gxf6 gxf6 30. Nxc8 Rxc8 31. Rd6 Kf7 32. Kd2 a5 33. Kd3 Rg8 34. Ra6 Rg3 35. Ke3 Rh3 36.
Rxa5 Rxh4 37. Rd5 Rh1 38. a4 h4 39. Kf2 Rc1 40. Rc5 Ke6 41. Rc4 Rd1 42. Rc6+ Ke7 43. Kg2 Rd2+ 44. Kh3 Rf2 45. Rc3 Rf1 46. Kxh4 Rg1 47. Ra3 1-0

[Event "*** Titled Tuesday Blitz"]
[Site "Chess.com"]
[Date "2020.12.01"]
[Round "3"]
[White "Vincent_Vega95"]
[Black "sorito"]
[Result "1-0"]
[WhiteElo "2765"]
[BlackElo "2488"]
[TimeControl "180+1"]
[EndTime "10:28:13 PST"]
[Termination "Vincent_Vega95 won on time"]

1. d4 e6 2. c4 b6 3. Nf3 Bb7 4.
g3 Bb4+ 5. Nbd2 f5 6. Bg2 Nf6 7.
O-O O-O 8. a3 Be7 9. b4 a5 10. b5 Ne4 11. Qc2 Nxd2 12. Nxd2 Bxg2 13. Kxg2 d6 14. e4 Nd7 15. exf5 exf5 16. Nf3 Qc8 17.
Re1 Rf7 18. Bg5 Bf8 19. h4 Qb7 20. d5 Nc5 21. Nd4 Ne4 22. f3 Nc5 23. Nxf5 g6 24. Nh6+ Bxh6 25. Bxh6 Nd7 26. f4 Nf6 27. Qe2 Qc8 28. Bg5 Ng4 29. Qe6 h6 30. Bxh6 Nxh6 31. Qxg6+ Rg7 32. Qxh6 Qf8 33. Re6 Qf5 34. Rae1 Rf8 35.
R1e2 1-0